 Dungeon Crawl Stone Soup version 0.21.1-1-g345015f (webtiles) character file.

49 inc the Conjurer (level 3, 14/14 HPs)
             Began as a Felid Wizard on Mar 12, 2018.
             Was an Initiate of Vehumet.
             Quit the game on level 3 of the Dungeon.
             The game lasted 00:04:49 (3873 turns).

inc the Conjurer (Felid Wizard)                     Turns: 3873, Time: 00:04:50

Health: 14/14      AC:  1    Str:  3    XL:     3   Next: 53%
Magic:  8/8        EV: 17    Int: 20    God:    Vehumet [......]
Gold:   46         SH:  0    Dex: 14    Spells: 7/8 levels left
                                        Lives:  0   Deaths: 1

rFire    . . .     SeeInvis +   (weapon unavailable)
rCold    . . .     Gourm    .   (shield unavailable)
rNeg     + . .     Faith    .   (armour unavailable)
rPois    .         Spirit   .   (helmet unavailable)
rElec    .         Reflect  .   (cloak unavailable)
rCorr    .         Harm     .   (gloves unavailable)
MR       .....                  (boots unavailable)
Stlth    +++.......             (no amulet)
HPRegen  0.04/turn              d - ring of positive energy
MPRegen  0.11/turn              (no ring)

@: quick
A: very small, no armour, no weapons or thrown items, stealth, claws 1, fangs 3,
see invisible, carnivore, speed 1, shaggy fur 1, slow metabolism 1, sharp paws
a: Renounce Religion


You were on level 3 of the Dungeon.
You worshipped Vehumet.
Vehumet was noncommittal.
You were not hungry.

You visited 1 branch of the dungeon, and saw 3 of its levels.

You collected 46 gold pieces.

Inventory:

Jewellery
 d - a ring of positive energy (left paw)
 g - an uncursed ring of fire
 i - an uncursed ring of protection from fire {unknown}
 j - an uncursed ring of magical power {unknown}
 k - a cursed -3 ring of evasion {unknown}
Scrolls
 c - a scroll of remove curse {unknown}
 e - a scroll of immolation {unknown}
 f - a scroll of noise {unknown}
 l - a scroll of blinking {unknown}
Potions
 h - a potion of brilliance
Books
 a - a book of Minor Magic

   Spells                             Type                      Level
   a - Magic Dart                     Conjuration                  1
   b - Blink                          Translocation                2
   c - Call Imp                       Summoning                    2
   d - Slow                           Hexes                        2
   e - Conjure Flame                  Conjuration/Fire             3
   f - Mephitic Cloud                 Conjuration/Poison/Air       3
Comestibles
 b - 2 rations


   Skills:
 - Level 2.6 Dodging
 - Level 2.6 Stealth
 - Level 3.0 Spellcasting
 + Level 4.1 Conjurations
   Level 1.0 Summonings
   Level 1.5 Translocations


You had 7 spell levels left.
You knew the following spells:

 Your Spells              Type           Power        Failure   Level  Hunger
a - Magic Dart            Conj           ###.         2%          1    None


Dungeon Overview and Level Annotations

Branches:
Dungeon (3/15)

Altars:
Dithmenos
Uskayaw
Vehumet


Innate Abilities, Weirdness & Mutations

You cannot wear armour.
You are incapable of wielding weapons or throwing items.
Your paws allow you to move quietly. (Stealth)
You have sharp claws.
You have razor-sharp teeth.
You have supernaturally acute eyesight. (SInv)
You are carnivorous and can eat meat at any time.
You cover ground quickly.
You are covered in fur. (AC +1)
You have a slow metabolism.
Your sharp claws are effective at attacking unaware monsters.


Message History

You start resting.
HP restored.
There is a stone staircase leading down here.
Really walk into a travel-excluded area?
Okay, then.
You see here a jackal corpse.
Really walk into a travel-excluded area?
Okay, then.
There is a radiant altar of Vehumet here.
You sit before the altar of Vehumet.
Vehumet welcomes you!
You are engulfed in blazing flames.
Ouch! That really hurt!
You die...
You are now level 3!
You rejoin the land of the living...
Okay, then.
Found a stone staircase leading up.
The orc is too close now for your liking.
Are you sure you want to abandon this character and quit the game? (Confirm with "yes".)

###.###.# #.##.# ###
#.###<##.# #..
#.###........# ##.#
...........########...
...#######............
# #..###.####.#
#..###.##)...
#######..[...#.....
#.@......###.#.....
#.#####.## #....._.
#.# #.####.#..... #.#
#..†.#.#..... #.#
####.#.##.... .##<#
#.#.####.# ....
#......... o##..
#....##### ..o.o
#.####


There were no monsters in sight!

Vanquished Creatures
  A gnoll (D:2)
  5 adders
  2 dart slugs
  A leopard gecko (D:1)
  2 ball pythons
  4 giant cockroaches
  4 hobgoblins
  4 jackals (D:3)
  2 bats
  4 frilled lizards
  5 goblins
  9 kobolds
  5 rats
48 creatures vanquished.

Vanquished Creatures (others)
  A hobgoblin (D:3)
1 creature vanquished.

Grand Total: 49 creatures vanquished

Notes
Turn   | Place    | Note
-------+----------+-------------------------------------------
     0 | D:1      | inc the Felid Wizard began the quest for the Orb.
     0 | D:1      | Reached XP level 1. HP: 7/7 MP: 5/5
    14 | D:1      | Reached skill level 1 in Conjurations
   480 | D:1      | Reached XP level 2. HP: 11/11 MP: 0/7
   559 | D:1      | Reached skill level 2 in Conjurations
  1341 | D:2      | Reached XP level 3. HP: 14/14 MP: 0/8
  1774 | D:2      | Reached skill level 3 in Conjurations
  2111 | D:2      | Found a hide-covered altar of Uskayaw.
  2528 | D:2      | Found a shadowy altar of Dithmenos.
  2542 | D:2      | Reached XP level 4. HP: 18/18 MP: 5/9
  3522 | D:3      | Found a shadowy altar of Dithmenos.
  3631 | D:3      | Found a radiant altar of Vehumet.
  3644 | D:3      | Reached skill level 4 in Conjurations
  3862 | D:3      | Became a worshipper of Vehumet
  3862 | D:3      | Engulfed by a cloud of flame
  3863 | D:3      | Reached XP level 3. HP: -11/14 MP: 8/8
  3873 | D:3      | Quit the game

Skill      XL: |  1  2  3  4 |
---------------+-------------+-----
Conjurations   | 1 2 3 4 |  4.1
Dodging        | |  2.6
Stealth        | |  2.6
Spellcasting   | |  3.0
Summonings     | |  1.0
Translocations | |  1.5

Action                   |  1- 3 |  4- 6 || total
-------------------------+-------+-------++-------
Melee: Unarmed           |     2 |    16 ||    18
       Bite              |     1 |       ||     1
 Cast: Magic Dart        |    99 |    48 ||   147
  Use: Potion            |     1 |     1 ||     2
 Stab: Sleeping          |       |     1 ||     1
  Eat: Chunk             |     2 |     6 ||     8
Armor: Skin              |       |     4 ||     4
Dodge: Dodged            |    18 |    40 ||    58
